[Event "Saturday 06 January Rapid Engine Tour 12+1 Rounds 9 Starts 1600 ST"]
[Site "Infinity Chess"]
[Date "2018.1.6"]
[Round "8"]
[White "Deep_Impact"]
[Black "KULLANI"]
[Result "1-0"]
[ECO "A06"]
[WhiteElo "2491"]
[BlackElo "2455"]
[WhiteEngine "BrainFish_171226_x64_modern"]
[BlackEngine "Raubfisch ME262_GTZ16b1._CTG"]
[EventType "Swiss"]
[WhiteTeam ""]
[BlackTeam ""]
[PlyCount "169"]
[TimeControl "720+1"]

1. Nf3 d5 2. d4 Nf6 3. c4 e6 4. Nc3 c6 5. Bg5 h6 6. Bxf6 Qxf6 7. e3 Nd7 
8. Be2 g6 9. O-O Bg7 10. e4 dxe4 11. Nxe4 Qf4 12. Qc2 f5 13. Ned2 c5 14. g3 Qc7 
15. Nh4 Kf7 16. d5 Nb6 17. a4 a5 18. Rae1 Re8 19. dxe6+ Rxe6 20. b3 Bd7 
21. Bf3 Rae8 22. Rxe6 Rxe6 23. Ng2 Bd4 24. Nf4 Re7 25. Ne2 Bf6 26. Rd1 Bc6 
27. Nf4 Be5 28. Nd5 Bxd5 29. cxd5 Kg7 30. Nc4 Nxc4 31. bxc4 Bd4 32. Rb1 Rf7 
33. Qb3 Qe7 34. Kg2 f4 35. g4 Qg5 36. Qd1 h5 37. h3 Qf6 38. Qc2 hxg4 
39. hxg4 Re7 40. Rh1 b6 41. Qb1 Bxf2 42. Kxf2 Qd4+ 43. Kg2 Qd2+ 44. Kf1 Qc3 
45. Qd1 Re3 46. Rh3 Rd3 47. Qe2 Re3 48. Qf2 Qxc4+ 49. Be2 Qc1+ 50. Kg2 Rxh3 
51. Kxh3 Qh1+ 52. Qh2 Qe4 53. Qg2 Qxa4 54. d6 Qb3+ 55. Kh2 Kf6 56. g5+ Ke6 
57. Qg4+ Kxd6 58. Qxf4+ Kd7 59. Bg4+ Kc6 60. Qf6+ Kb5 61. Be2+ Kb4 62. Qxb6+ Ka4 
63. Qc6+ Kb4 64. Qxg6 Qe3 65. Qb1+ Kc3 66. Qd3+ Qxd3 67. Bxd3 Kxd3 68. g6 c4 
69. g7 c3 70. g8=Q Kd2 71. Qg5+ Kd1 72. Qg1+ Kc2 73. Kg3 Kb2 74. Qb6+ Ka2 
75. Qxa5+ Kb3 76. Kf3 c2 77. Qd2 Kb2 78. Ke3 Kb3 79. Kd4 Kb2 80. Kd3 Kb3 
81. Qc3+ Ka4 82. Kc4 c1=Q 83. Qxc1 Ka5 84. Qh6 Ka4 85. Qa6# 1-0

[Event "Saturday 06 January Rapid Engine Tour 12+1 Rounds 9 Starts 1600 ST"]
[Site "Infinity Chess"]
[Date "2018.1.6"]
[Round "8"]
[White "Marsell"]
[Black "THE_MACHINE"]
[Result "1/2-1/2"]
[ECO "C53"]
[WhiteElo "2471"]
[BlackElo "2528"]
[WhiteEngine "asmFishW_2017-12-07_popcnt"]
[BlackEngine "BrainFish_171226_x64_bmi2"]
[EventType "Swiss"]
[WhiteTeam ""]
[BlackTeam ""]
[PlyCount "119"]
[TimeControl "720+1"]

1. e4 e5 2. Nf3 Nc6 3. Bc4 Bc5 4. c3 Nf6 5. d3 d6 6. O-O O-O 7. h3 a5 8. Nbd2 h6 
9. Re1 Be6 10. b3 Ba7 11. Nf1 d5 12. exd5 Nxd5 13. Bd2 Qf6 14. N1h2 Rad8 
15. Rc1 Nf4 16. Bxf4 Bxc4 17. bxc4 Qxf4 18. Qc2 f5 19. Rb1 e4 20. dxe4 Bxf2+ 
21. Qxf2 fxe4 22. Qe2 exf3 23. Nxf3 Rde8 24. Qxe8 Rxe8 25. Rxe8+ Kh7 
26. Rxb7 Qc1+ 27. Kf2 Qxc3 28. Rxc7 Qxc4 29. Kg1 Qc1+ 30. Re1 Qc5+ 31. Kf1 Qb5+ 
32. Re2 a4 33. Rd7 Qb1+ 34. Kf2 Qf5 35. Rdd2 Qc5+ 36. Kg3 Ne7 37. Re5 Qc7 
38. Kf2 Qb6+ 39. Kg3 Qc7 40. Kf2 Qb6+ 41. Kg3 Ng6 42. Re4 Qb8+ 43. Kf2 Qa7+ 
44. Kg3 Qb8+ 45. Kf2 Qa7+ 46. Ke1 a3 47. Kf1 Qc5 48. Ke2 Qc6 49. Red4 Ne7 
50. g4 Ng6 51. Kf2 Qc5 52. h4 Nf4 53. Kg3 Ne6 54. Re4 Qc7+ 55. Kf2 Nf4 
56. Red4 Ng6 57. Kg2 Nf4+ 58. Kf2 Ne6 59. Re4 Nf4 60. Red4 1/2-1/2

[Event "Saturday 06 January Rapid Engine Tour 12+1 Rounds 9 Starts 1600 ST"]
[Site "Infinity Chess"]
[Date "2018.1.6"]
[Round "8"]
[White "xeonrocks"]
[Black "Harry_Potter"]
[Result "1/2-1/2"]
[ECO "C50"]
[WhiteElo "2517"]
[BlackElo "2516"]
[WhiteEngine "asmFishW_CTG"]
[BlackEngine "stockfish_18010422_x64_bmi2_CTG"]
[EventType "Swiss"]
[WhiteTeam ""]
[BlackTeam ""]
[PlyCount "162"]
[TimeControl "720+1"]

1. e4 e5 2. Nf3 Nc6 3. Bc4 Bc5 4. O-O Nf6 5. d3 d6 6. c3 a5 7. b3 O-O 8. h3 h6 
9. Nbd2 Rb8 10. a4 Ne7 11. Re1 c6 12. d4 exd4 13. Nxd4 Ng6 14. Bd3 Re8 
15. N2f3 Bd7 16. Rb1 Qc7 17. b4 Bb6 18. Bd2 c5 19. bxc5 Bxc5 20. Nb5 Bxb5 
21. Rxb5 b6 22. Nd4 Rbd8 23. Nb3 Re6 24. Nd4 Re7 25. Rb1 d5 26. exd5 Rxe1+ 
27. Qxe1 Nf4 28. Bb5 N4xd5 29. Nb3 Bd6 30. c4 Ne7 31. c5 Bxc5 32. Nxc5 Qxc5 
33. Be3 Qd6 34. Bxb6 Qxb6 35. Qxe7 Rd2 36. Qe1 Qd4 37. Rc1 g6 38. Qe3 Qxe3 
39. fxe3 h5 40. Bc6 Nd5 41. Rc5 Nxe3 42. Rxa5 Kg7 43. Ra7 Rc2 44. Bf3 Rd2 
45. Bc6 Kf6 46. a5 h4 47. Rd7 Ra2 48. Rd4 Rxa5 49. Rxh4 g5 50. Ra4 Rxa4 
51. Bxa4 g4 52. hxg4 Nxg4 53. Be8 Ne3 54. Bb5 Nd1 55. Be8 Ne3 56. Kf2 Nd1+ 
57. Kf3 Ke7 58. Ba4 Nc3 59. Bb3 f6 60. Kf4 Nb5 61. g3 Nd6 62. Bd5 Kf8 
63. Bf3 Kf7 64. g4 Kg6 65. Bd5 Nf7 66. Bc4 Ne5 67. Ba6 Nf7 68. Bb5 Ne5 
69. Ba4 Nd3+ 70. Ke3 Ne5 71. Kf4 Nd3+ 72. Kf3 Ne5+ 73. Kg3 Kg5 74. Bd1 Nf7 
75. Bc2 Nh6 76. Bd1 Ng8 77. Bc2 Nh6 78. Bd1 Nf7 79. Be2 Nd6 80. Kf2 f5 
81. gxf5 Nxf5 1/2-1/2

[Event "Saturday 06 January Rapid Engine Tour 12+1 Rounds 9 Starts 1600 ST"]
[Site "Infinity Chess"]
[Date "2018.1.6"]
[Round "7"]
[White "OlivierEvan"]
[Black "IronMan"]
[Result "1/2-1/2"]
[ECO "A00"]
[WhiteElo "2373"]
[BlackElo "2381"]
[WhiteEngine "Houdini 6"]
[BlackEngine "Stockfish SL BMI2"]
[EventType "Swiss"]
[WhiteTeam ""]
[BlackTeam ""]
[PlyCount "107"]
[TimeControl "720+1"]

1. d3 d5 2. e3 c5 3. c3 Bf5 4. Qb3 Qd7 5. Nd2 Nf6 6. Be2 Nc6 7. Ngf3 e5 8. e4 c4 
9. Qc2 Bg6 10. Nh4 cxd3 11. Bxd3 O-O-O 12. O-O dxe4 13. Bxe4 Nxe4 14. Nxe4 Be7 
15. Nxg6 hxg6 16. Be3 f5 17. Rfd1 Qe6 18. Ng5 Qc4 19. b3 Qh4 20. Nf3 Qh5 
21. b4 e4 22. Qb3 g5 23. h3 exf3 24. b5 Qg6 25. bxc6 Qxc6 26. Qf7 Bf6 
27. Rxd8+ Rxd8 28. Bxg5 fxg2 29. Re1 Kb8 30. Bxf6 gxf6 31. Qe7 Rc8 32. Qb4 a6 
33. Re3 Qd5 34. Qf4+ Ka8 35. a3 a5 36. h4 Rg8 37. Qd4 Qb5 38. Re1 Qc6 39. c4 Qf3 
40. Qd5 Qxd5 41. cxd5 Kb8 42. d6 Kc8 43. Re7 Rh8 44. Kxg2 Rxh4 45. Rc7+ Kd8 
46. Rxb7 Ra4 47. Kf3 Rxa3+ 48. Kf4 Rd3 49. Kxf5 Rxd6 50. Ra7 Rd7 51. Rxa5 Ke7 
52. f3 Kf7 53. Rc5 Ke7 54. f4 1/2-1/2

[Event "Saturday 06 January Rapid Engine Tour 12+1 Rounds 9 Starts 1600 ST"]
[Site "Infinity Chess"]
[Date "2018.1.6"]
[Round "7"]
[White "CoffeeOne"]
[Black "MGR"]
[Result "1/2-1/2"]
[ECO "C50"]
[WhiteElo "2501"]
[BlackElo "2483"]
[WhiteEngine "cfish-2018-01-05"]
[BlackEngine "asmFishW_2017-11-19_bmi2"]
[EventType "Swiss"]
[WhiteTeam ""]
[BlackTeam ""]
[PlyCount "121"]
[TimeControl "720+1"]

1. e4 e5 2. Nf3 Nc6 3. Bc4 Bc5 4. O-O Nf6 5. d3 d6 6. c3 O-O 7. Nbd2 Ne7 
8. d4 exd4 9. cxd4 Bb6 10. e5 Nfd5 11. Ne4 dxe5 12. dxe5 Bf5 13. Ng3 Be6 
14. Ng5 Qd7 15. b3 c6 16. Qh5 h6 17. Nxe6 fxe6 18. Bb2 Bc7 19. Rad1 Qe8 
20. Qg4 Qg6 21. Be2 Nf4 22. Bf3 Qxg4 23. Bxg4 Neg6 24. Rd7 Bxe5 25. Ba3 Rf7 
26. Rfd1 Nf8 27. Rd8 Rxd8 28. Rxd8 g6 29. Ne4 Kg7 30. Ra8 a6 31. g3 Nd5 
32. Rd8 Nf6 33. Nxf6 Bxf6 34. Bxf8+ Rxf8 35. Rd7+ Rf7 36. Bxe6 Rxd7 37. Bxd7 a5 
38. f4 g5 39. fxg5 Bxg5 40. Bc8 b6 41. Bd7 c5 42. Kf2 Kf6 43. h4 Bd2 44. g4 Bb4 
45. Ke2 Bc3 46. h5 Ke7 47. Bb5 Be5 48. Kd3 Ke6 49. Bc4+ Kd6 50. Bf7 Bh8 
51. Kc4 Be5 52. Kb5 Kc7 53. Bg6 Bd4 54. Be4 Bb2 55. Kc4 Kd6 56. Bg2 Bc1 
57. Kb5 Kc7 58. Bd5 Kd6 59. Be4 Kc7 60. Bc6 Be3 61. Bd5 1/2-1/2

[Event "Saturday 06 January Rapid Engine Tour 12+1 Rounds 9 Starts 1600 ST"]
[Site "Infinity Chess"]
[Date "2018.1.6"]
[Round "7"]
[White "angriff"]
[Black "Thinker"]
[Result "1/2-1/2"]
[ECO "C50"]
[WhiteElo "2391"]
[BlackElo "2450"]
[WhiteEngine "SF_64BIT_POPCNT_CTG"]
[BlackEngine "BrainFish_180106_x64_modern_CTG"]
[EventType "Swiss"]
[WhiteTeam ""]
[BlackTeam ""]
[PlyCount "81"]
[TimeControl "720+1"]

1. e4 e5 2. Nf3 Nc6 3. Bc4 Bc5 4. O-O Nf6 5. d3 d6 6. c3 O-O 7. Nbd2 a5 
8. Re1 Be6 9. Bb5 h6 10. Nf1 Ne7 11. d4 Bb6 12. Be3 exd4 13. Bxd4 Bxd4 
14. Nxd4 Ng6 15. Ba4 c6 16. Nxe6 fxe6 17. Bb3 Qe7 18. g3 Ne5 19. f4 Nf7 
20. Qc2 Rfe8 21. Kh1 b5 22. a4 Qb7 23. Nd2 e5 24. Ba2 bxa4 25. Nf3 Kh8 
26. Nh4 Kg8 27. Rab1 Rab8 28. fxe5 Rxe5 29. Ng6 Ree8 30. e5 dxe5 31. Nxe5 Nd5 
32. Ng6 Qd7 33. Qxa4 Rxe1+ 34. Rxe1 Rxb2 35. Qxa5 Nc7 36. Ne5 Qd2 37. Bxf7+ Kh7 
38. Bg6+ Kg8 39. Bf7+ Kh7 40. Bg6+ Kg8 41. Bf7+ 1/2-1/2

[Event "Saturday 06 January Rapid Engine Tour 12+1 Rounds 9 Starts 1600 ST"]
[Site "Infinity Chess"]
[Date "2018.1.6"]
[Round "7"]
[White "MarioDeMonti"]
[Black "ocirema"]
[Result "1/2-1/2"]
[ECO "C53"]
[WhiteElo "2431"]
[BlackElo "2433"]
[WhiteEngine "stockfish_x64_bmi2_2017_12_26_CTG"]
[BlackEngine "Stockfish_18010423_720_x64_modern_BYO_RW_CTG"]
[EventType "Swiss"]
[WhiteTeam ""]
[BlackTeam ""]
[PlyCount "60"]
[TimeControl "720+1"]

1. e4 e5 2. Nf3 Nc6 3. Bc4 Bc5 4. c3 Nf6 5. d3 d6 6. O-O O-O 7. h3 a5 8. Nbd2 h6 
9. Re1 Be6 10. Bb5 Qb8 11. Nf1 Qa7 12. Re2 a4 13. Ng3 Qa5 14. Bxc6 bxc6 
15. Nh4 Rfe8 16. Re1 d5 17. exd5 Nxd5 18. Nhf5 Qb6 19. Qg4 Bxf2+ 20. Kh1 g6 
21. Re2 Nf4 22. Bxf4 Bxf5 23. Nxf5 exf4 24. Rxe8+ Rxe8 25. Nxh6+ Kg7 26. Rf1 Be3 
27. Nf5+ Kg8 28. Nh6+ Kg7 29. Nf5+ Kg8 30. Nh6+ Kg7 1/2-1/2

[Event "Saturday 06 January Rapid Engine Tour 12+1 Rounds 9 Starts 1600 ST"]
[Site "Infinity Chess"]
[Date "2018.1.6"]
[Round "7"]
[White "Susanne"]
[Black "Gilgamesch"]
[Result "1/2-1/2"]
[ECO "C50"]
[WhiteElo "2476"]
[BlackElo "2505"]
[WhiteEngine "Stockfish_x64_bmi2_CTG"]
[BlackEngine "BrainFish_171005_x64_bmi2"]
[EventType "Swiss"]
[WhiteTeam ""]
[BlackTeam ""]
[PlyCount "82"]
[TimeControl "720+1"]

1. e4 e5 2. Nf3 Nc6 3. Bc4 Bc5 4. O-O Nf6 5. d3 d6 6. c3 O-O 7. Nbd2 a5 
8. Re1 Ba7 9. h3 Be6 10. b3 h6 11. Nf1 d5 12. exd5 Nxd5 13. Bd2 Qf6 
14. N1h2 Rad8 15. Rc1 Nf4 16. Bxf4 Bxc4 17. bxc4 Qxf4 18. Qc2 f5 19. Rb1 e4 
20. dxe4 Bxf2+ 21. Qxf2 fxe4 22. Qe2 exf3 23. Nxf3 Rde8 24. Qxe8 Rxe8 
25. Rxe8+ Kh7 26. Rxb7 Qc1+ 27. Kf2 Qxc3 28. Rxc7 Qxc4 29. Kg1 Qc1+ 30. Re1 Qc5+ 
31. Kf1 Qb5+ 32. Re2 a4 33. Rd7 Qb1+ 34. Kf2 Qf5 35. Rdd2 Qc5+ 36. Kg3 Ne7 
37. Re5 Qc7 38. Kf2 Qb6+ 39. Kg3 Qc7 40. Kf2 Qb6+ 41. Kg3 Qc7 1/2-1/2

[Event "Saturday 06 January Rapid Engine Tour 12+1 Rounds 9 Starts 1600 ST"]
[Site "Infinity Chess"]
[Date "2018.1.6"]
[Round "7"]
[White "KillBill2017"]
[Black "neófito"]
[Result "1/2-1/2"]
[ECO "C53"]
[WhiteElo "2405"]
[BlackElo "2414"]
[WhiteEngine "Raubfisch ME262_GTZ16b1_CTG"]
[BlackEngine "Raubfisch X37b1_CTG"]
[EventType "Swiss"]
[WhiteTeam ""]
[BlackTeam ""]
[PlyCount "74"]
[TimeControl "720+1"]

1. e4 e5 2. Nf3 Nc6 3. Bc4 Bc5 4. c3 Nf6 5. d3 O-O 6. O-O d6 7. Nbd2 a5 8. h3 h6 
9. Re1 Be6 10. Bb5 Qb8 11. Nf1 Qa7 12. Be3 Bxe3 13. Nxe3 Ne7 14. a4 Ng6 
15. Bc4 Bxc4 16. Nxc4 Qa6 17. Qc2 Qc6 18. g3 Rfe8 19. b4 axb4 20. cxb4 d5 
21. b5 Qe6 22. exd5 Qxd5 23. Kg2 b6 24. Ne3 Qb7 25. Rac1 Ra7 26. Qc6 Qxc6 
27. Rxc6 Rd8 28. Nf5 Rxd3 29. Nxe5 Nxe5 30. Rxe5 Rxa4 31. Rxc7 Rd2 32. Ne3 Re4 
33. Rxe4 Nxe4 34. Kf3 Ng5+ 35. Kg2 Ne4 36. Kf3 Ng5+ 37. Kg2 Ne4 1/2-1/2

[Event "Saturday 06 January Rapid Engine Tour 12+1 Rounds 9 Starts 1600 ST"]
[Site "Infinity Chess"]
[Date "2018.1.6"]
[Round "7"]
[White "NINJA_JENGKA"]
[Black "hafaba"]
[Result "1/2-1/2"]
[ECO "A05"]
[WhiteElo "2420"]
[BlackElo "2417"]
[WhiteEngine "Houdini 6_CTG"]
[BlackEngine "SF SL 03012018 POPCNT_CTG"]
[EventType "Swiss"]
[WhiteTeam ""]
[BlackTeam ""]
[PlyCount "181"]
[TimeControl "720+1"]

1. Nf3 Nf6 2. d4 e6 3. c4 b6 4. g3 Be7 5. Bg2 Bb7 6. Bf4 O-O 7. O-O d5 
8. cxd5 Nxd5 9. Bd2 Na6 10. e4 Nf6 11. e5 Nd5 12. Qe2 c5 13. Rd1 Rc8 14. a4 Nab4 
15. Na3 Nc6 16. dxc5 bxc5 17. Qe4 Rb8 18. Qg4 g6 19. Rab1 Ba6 20. Qe4 Qc7 
21. h4 Na5 22. Be1 h5 23. Nb5 Bxb5 24. axb5 Rxb5 25. Rxd5 exd5 26. Qxd5 Rd8 
27. Qe4 Nc6 28. Bf1 Rb6 29. Bc3 Qc8 30. Ra1 Qf5 31. Qxf5 gxf5 32. Bc4 Kg7 
33. Ne1 f6 34. Nd3 a5 35. Nf4 Nxe5 36. Ne6+ Kg6 37. Bxe5 Rxe6 38. Bc7 Re4 
39. Bxd8 Bxd8 40. b3 Rd4 41. f4 Rd2 42. Rf1 Bb6 43. Rf2 Rd4 44. Ra2 Kh6 
45. Rc2 Kg7 46. Kf1 Kg6 47. Rc1 Bc7 48. Kg2 Bd8 49. Kf3 Bb6 50. Rc2 Kg7 
51. Rc3 Kh6 52. Ke3 Kg6 53. Rc2 Re4+ 54. Kf3 Rd4 55. Ra2 Kg7 56. Ra1 Kg6 
57. Rc1 Re4 58. Rd1 Rd4 59. Ra1 Kh6 60. Ke2 Bc7 61. Rd1 Kg6 62. Rc1 Kg7 
63. Bd3 Rd5 64. Bb5 Bb6 65. Bc4 Rd4 66. Ke1 Kf8 67. Kf2 Kg7 68. Rc2 Kg6 
69. Ra2 Bd8 70. Ke3 Bb6 71. Ke2 Kh6 72. Kf1 Kg7 73. Kf2 Re4 74. Re2 Kh6 
75. Re3 Kg7 76. Rd3 a4 77. Rd7+ Kh8 78. Rd6 axb3 79. Bxb3 Rb4 80. Be6 c4+ 
81. Ke1 Rb2 82. Bxf5 Bf2+ 83. Kd1 Bxg3 84. Rxf6 Bxh4 85. Rh6+ Kg7 86. Rxh5 Bf6 
87. Bc2 c3 88. Rh7+ Kg8 89. Ra7 Rb4 90. Ra4 Rxa4 91. Bxa4 1/2-1/2

[Event "Saturday 06 January Rapid Engine Tour 12+1 Rounds 9 Starts 1600 ST"]
[Site "Infinity Chess"]
[Date "2018.1.6"]
[Round "7"]
[White "Prometheus"]
[Black "KhalidOmar"]
[Result "1/2-1/2"]
[ECO "A20"]
[WhiteElo "2437"]
[BlackElo "2443"]
[WhiteEngine "Eman 1.58-64bit-IDeA"]
[BlackEngine "Eman 1.60 64-bit BMI2"]
[EventType "Swiss"]
[WhiteTeam ""]
[BlackTeam ""]
[PlyCount "93"]
[TimeControl "720+1"]

1. c4 e5 2. g3 Nf6 3. Bg2 d5 4. cxd5 Nxd5 5. Nf3 Nc6 6. O-O Nb6 7. b3 Be7 
8. Bb2 f6 9. d4 e4 10. Ne1 f5 11. f3 exf3 12. Bxf3 Ne5 13. Bh5+ g6 14. Nc3 Nf7 
15. Bf3 O-O 16. e3 Re8 17. Nd3 Bf6 18. Re1 c6 19. Bg2 Be6 20. Nc5 Qc7 
21. Rc1 Rad8 22. Nxe6 Rxe6 23. d5 Ree8 24. Qc2 Qd6 25. dxc6 bxc6 26. Nd1 Bxb2 
27. Nxb2 Ne5 28. Rcd1 Qf6 29. Qc5 Rxd1 30. Rxd1 Ng4 31. Nd3 Re6 32. Re1 Rd6 
33. Nf2 Nxf2 34. Kxf2 Rd2+ 35. Re2 Rxe2+ 36. Kxe2 Qb2+ 37. Kf3 Qxa2 
38. Qxc6 Qxb3 39. Qe8+ Kg7 40. Qe5+ Kh6 41. Qf4+ Kg7 42. Qd4+ Kg8 43. Qd8+ Kg7 
44. Qd4+ Kh6 45. Qf4+ Kg7 46. Qe5+ Kh6 47. Qf4+ 1/2-1/2

[Event "Saturday 06 January Rapid Engine Tour 12+1 Rounds 9 Starts 1600 ST"]
[Site "Infinity Chess"]
[Date "2018.1.6"]
[Round "7"]
[White "Tiger"]
[Black "RonWeasley"]
[Result "1/2-1/2"]
[ECO "C11"]
[WhiteElo "2445"]
[BlackElo "2438"]
[WhiteEngine "BrainFish_171111_x64_bmi2"]
[BlackEngine "BrainFish 261217_CTG"]
[EventType "Swiss"]
[WhiteTeam ""]
[BlackTeam ""]
[PlyCount "126"]
[TimeControl "720+1"]

1. e4 e6 2. d4 d5 3. Nc3 Nf6 4. e5 Nfd7 5. f4 c5 6. Nf3 Nc6 7. Be3 cxd4 
8. Nxd4 Qb6 9. Qd2 Qxb2 10. Rb1 Qa3 11. Bb5 Nxd4 12. Bxd4 a6 13. Bxd7+ Bxd7 
14. Rb3 Qe7 15. Rxb7 Rc8 16. O-O Qd8 17. f5 exf5 18. Qd3 Bc5 19. Bxc5 Rxc5 
20. Nxd5 Bc8 21. Re7+ Kf8 22. Qa3 Qa5 23. Qxa5 Rxa5 24. Rc7 Be6 25. Nf4 Rxe5 
26. Nxe6+ Rxe6 27. Rxf5 Re7 28. Rc8+ Re8 29. Rfc5 Ke7 30. R8c6 g6 31. h4 Kf8 
32. Rxa6 Kg7 33. Ra7 Ra8 34. Rcc7 Rxa7 35. Rxa7 Rc8 36. g3 Rc3 37. Kf2 Rxc2+ 
38. Kf3 Rc3+ 39. Kf4 Rc4+ 40. Kf3 Rc2 41. a3 Rc3+ 42. Kg2 Kf6 43. a4 h5 
44. a5 Rd3 45. Ra6+ Ke5 46. Ra7 Ra3 47. Rxf7 Ra2+ 48. Kf1 Rxa5 49. Ke2 Ra2+ 
50. Kf1 Ke6 51. Rf4 Ra5 52. Rf3 Ra4 53. Re3+ Kd5 54. Rb3 Ra1+ 55. Kf2 Ra2+ 
56. Ke1 Kc4 57. Rb6 Kd5 58. Rxg6 Ke4 59. g4 Ra1+ 60. Kd2 hxg4 61. Rxg4+ Kf5 
62. Rg5+ Kf4 63. Kc3 Rd1 1/2-1/2

[Event "Saturday 06 January Rapid Engine Tour 12+1 Rounds 9 Starts 1600 ST"]
[Site "Infinity Chess"]
[Date "2018.1.6"]
[Round "7"]
[White "Klaus"]
[Black "Marsell"]
[Result "0-1"]
[ECO "C55"]
[WhiteElo "2447"]
[BlackElo "2455"]
[WhiteEngine "asmFishW_2017-11-19_bmi2"]
[BlackEngine "asmFishW_2017-12-07_popcnt"]
[EventType "Swiss"]
[WhiteTeam ""]
[BlackTeam ""]
[PlyCount "196"]
[TimeControl "720+1"]

1. e4 e5 2. Nf3 Nc6 3. Bc4 Nf6 4. d3 Bc5 5. c3 d6 6. O-O O-O 7. Bg5 h6 8. Bh4 a6 
9. a4 g5 10. Bg3 Ba7 11. Nbd2 Nh7 12. h3 h5 13. Kh1 Kh8 14. b4 h4 15. Bh2 g4 
16. hxg4 Bxg4 17. b5 Na5 18. Ba2 Ng5 19. d4 h3 20. gxh3 Nxh3 21. Qe1 Rg8 
22. bxa6 Rg7 23. axb7 Nxb7 24. Qe3 Qf6 25. Nxe5 dxe5 26. Bxe5 Qxe5 27. Qh6+ Rh7 
28. Qxh7+ Kxh7 29. dxe5 Nc5 30. Bxf7 Rd8 31. Ra2 Rh8 32. Kg2 Nd3 33. f4 Be2 
34. Kxh3 Kg7+ 35. Bh5 Rxh5+ 36. Kg3 Rh6 37. f5 Rh8 38. Raa1 Rg8 39. Kh3 Kf8 
40. Nb3 Bxf1+ 41. Rxf1 Nf2+ 42. Kh4 Rh8+ 43. Kg3 Rh3+ 44. Kg2 Rxc3 45. Nd2 Ng4 
46. Rb1 Rc2 47. Kg3 Nxe5 48. Rb5 Bc5 49. Nb3 Bd6 50. a5 Kf7 51. a6 Ra2 
52. Na5 Nc4+ 53. e5 Nxe5 54. a7 Nc6+ 55. Kf3 Nxa7 56. Rd5 Ra4 57. Nb7 Nc8 
58. Ke2 Kf6 59. Rb5 Ne7 60. Kd3 Be5 61. Nc5 Rd4+ 62. Ke2 Nd5 63. Rb8 Bd6 
64. Nb3 Re4+ 65. Kf1 Rh4 66. Rb5 Rf4+ 67. Ke1 Bb4+ 68. Ke2 c5 69. Rb8 Re4+ 
70. Kd3 Rh4 71. Rc8 Rh3+ 72. Ke4 Nc3+ 73. Kf4 Ne2+ 74. Ke4 Nc3+ 75. Kf4 Ne2+ 
76. Ke4 Rxb3 77. Rc6+ Ke7 78. Kd5 Re3 79. Rh6 Nc3+ 80. Kc6 Re5 81. Rh7+ Kf6 
82. Rh6+ Kxf5 83. Rh5+ Kf6 84. Rh6+ Ke7 85. Rh7+ Kd8 86. Rd7+ Ke8 87. Rd6 c4 
88. Rh6 Bf8 89. Rh4 Rc5+ 90. Kb7 Nd5 91. Rh1 Rc7+ 92. Ka8 Kd7 93. Re1 Kc6 
94. Re6+ Bd6 95. Rxd6+ Kxd6 96. Kb8 Kc6 97. Ka8 Nb6+ 98. Kb8 Rb7# 0-1

[Event "Saturday 06 January Rapid Engine Tour 12+1 Rounds 9 Starts 1600 ST"]
[Site "Infinity Chess"]
[Date "2018.1.6"]
[Round "7"]
[White "Eman"]
[Black "Katzenmaier"]
[Result "1/2-1/2"]
[ECO "D31"]
[WhiteElo "2457"]
[BlackElo "2489"]
[WhiteEngine "Eman 1.60 64-bit POPCNT"]
[BlackEngine "S_XPrO.251117.x64.POPCNT_CTG"]
[EventType "Swiss"]
[WhiteTeam ""]
[BlackTeam ""]
[PlyCount "112"]
[TimeControl "720+1"]

1. d4 d5 2. c4 e6 3. Nc3 c6 4. e3 Nf6 5. Nf3 Nbd7 6. Qc2 Bd6 7. Bd3 dxc4 
8. Bxc4 O-O 9. O-O a6 10. Rd1 b5 11. Bd3 Bb7 12. Ng5 h6 13. Nge4 Bc7 14. a3 a5 
15. b3 Qe7 16. Bb2 Nd5 17. g3 Rfc8 18. Bf1 f5 19. Nd2 N7f6 20. Re1 Nxc3 
21. Qxc3 Bd6 22. Qd3 c5 23. Qxb5 cxd4 24. Bxd4 Ne4 25. Nxe4 Bxe4 26. Rec1 Rxc1 
27. Rxc1 Bxa3 28. Rd1 Bd6 29. Bc4 Kh7 30. Bc3 Bf3 31. Rd3 a4 32. Qb6 Rd8 
33. Be5 axb3 34. Bxd6 Qf6 35. Rd4 b2 36. Qxb2 Rxd6 37. Bf1 Rxd4 38. exd4 Qg6 
39. Qb3 Bd5 40. Bc4 Bxc4 41. Qxc4 f4 42. Kg2 fxg3 43. hxg3 h5 44. f3 Qf5 
45. Qc8 Qd3 46. Qxe6 Qxd4 47. Kh3 Qf6 48. Qxf6 gxf6 49. Kg2 Kh6 50. Kh3 Kh7 
51. Kh2 Kg6 52. Kg2 Kg5 53. f4+ Kg6 54. f5+ Kxf5 55. Kf3 Kg5 56. Kf2 h4 1/2-1/2

[Event "Saturday 06 January Rapid Engine Tour 12+1 Rounds 9 Starts 1600 ST"]
[Site "Infinity Chess"]
[Date "2018.1.6"]
[Round "7"]
[White "Deep_Impact"]
[Black "SkyPilot"]
[Result "1/2-1/2"]
[ECO "B97"]
[WhiteElo "2492"]
[BlackElo "2471"]
[WhiteEngine "BrainFish_171226_x64_modern"]
[BlackEngine "stockfish_x64_bmi2_2018_01_01_CTG"]
[EventType "Swiss"]
[WhiteTeam ""]
[BlackTeam ""]
[PlyCount "109"]
[TimeControl "720+1"]

1. e4 c5 2. Nf3 d6 3. d4 cxd4 4. Nxd4 Nf6 5. Nc3 a6 6. Bg5 e6 7. f4 Qb6 
8. Qd2 Qxb2 9. Rb1 Qa3 10. e5 h6 11. Bh4 dxe5 12. fxe5 g5 13. exf6 gxh4 
14. Be2 Qa5 15. O-O Nd7 16. Kh1 Qg5 17. Rf4 e5 18. Nd5 exd4 19. Qxd4 Bc5 
20. Qe4+ Kd8 21. Rf5 Re8 22. Qxe8+ Kxe8 23. Rxg5 hxg5 24. Nc7+ Kd8 25. Nxa8 Nxf6 
26. Bf3 b5 27. Rd1+ Ke7 28. Re1+ Kd6 29. Rd1+ Ke7 30. h3 b4 31. Rc1 Bd4 
32. Rd1 Ba7 33. Nc7 Bb6 34. Na8 Bc5 35. Nc7 Bb6 36. Nd5+ Nxd5 37. Bxd5 f6 
38. Rb1 Bc5 39. Re1+ Kd6 40. Rd1 Ke5 41. Bc4 Bd4 42. Re1+ Kd6 43. Re8 Kc7 
44. Be2 Be5 45. Bg4 Bb7 46. Bf3 Bc8 47. Bg4 Bb7 48. Re7+ Kb6 49. Re6+ Ka5 
50. Be2 Ka4 51. Rb6 Bc8 52. Rc6 Bb7 53. Rb6 Bc8 54. Rc6 Bb7 55. Rb6 1/2-1/2

[Event "Saturday 06 January Rapid Engine Tour 12+1 Rounds 9 Starts 1600 ST"]
[Site "Infinity Chess"]
[Date "2018.1.6"]
[Round "7"]
[White "Harry_Potter"]
[Black "Satria_Ungu"]
[Result "1-0"]
[ECO "B90"]
[WhiteElo "2503"]
[BlackElo "2435"]
[WhiteEngine "stockfish_18010422_x64_bmi2_CTG"]
[BlackEngine "Houdini 6_CTG"]
[EventType "Swiss"]
[WhiteTeam ""]
[BlackTeam ""]
[PlyCount "114"]
[TimeControl "720+1"]

1. e4 c5 2. Nf3 d6 3. d4 cxd4 4. Nxd4 Nf6 5. Nc3 a6 6. h3 e5 7. Nde2 h5 
8. g3 Be7 9. Bg2 Be6 10. a4 Qc8 11. Be3 O-O 12. g4 hxg4 13. hxg4 Nxg4 14. Ng3 g6 
15. Qf3 Kg7 16. O-O-O Nc6 17. Nd5 Bxd5 18. exd5 Nd4 19. Bxd4 exd4 20. Bh3 f5 
21. Kb1 d3 22. Qxd3 Ne5 23. Qd2 Rh8 24. Bxf5 gxf5 25. Rxh8 Qxh8 26. Rh1 Qg8 
27. Nxf5+ Kf8 28. Qe3 Rc8 29. f4 Ng6 30. Qh3 Rc5 31. Rg1 Ke8 32. Qh5 Rxd5 
33. c4 Qe6 34. Ng7+ Kd7 35. Qf3 Nh4 36. cxd5 Qe1+ 37. Rxe1 Nxf3 38. Re3 Nd4 
39. Ne6 Nf5 40. Rb3 Kc8 41. Kc2 Bh4 42. Kd3 Be1 43. Ke2 Bh4 44. Kf3 Ne7 
45. Ke4 Bf6 46. Rb6 Ng8 47. Rxd6 Be7 48. Rb6 Nf6+ 49. Kd4 Nd7 50. Rb3 Kb8 
51. Ke4 Nf6+ 52. Ke5 Nd7+ 53. Kf5 a5 54. d6 Bxd6 55. Rd3 Ne5 56. fxe5 Bb4 
57. Nd8 Bc5 1-0